[Event "LTU-chT 2019"]
[Site "Lithuania"]
[Date "2019.04.27"]
[Round "6.5"]
[White "Brazdzionis, Andrius"]
[Black "Steponavicius, Stasys"]
[Result "1-0"]
[ECO "E12"]
[WhiteElo "2311"]
[BlackElo "2194"]
[Annotator "NA"]
[PlyCount "169"]
[EventDate "2019.01.26"]
[EventType "team-tourn"]
[EventCountry "LTU"]
[SourceTitle "playchess.com"]
[Source "ChessBase"]
[SourceQuality "1"]
[TimeControl "40/5400+30:1800+30"]

1. d4 Nf6 2. c4 e6 3. Nf3 b6 4. a3 c6 (4... Bb7 5. Nc3 Ne4 6. Nxe4 Bxe4 7. Nd2 Bb7 8. e4 g6 9. Bd3 Bg7 10. Nf3 O-O 11. O-O d6 12. Rb1 Nd7 13. Bg5 Qc8 14. Re1 Re8 15. Qd2 c5 16. d5 exd5 17. exd5 Qc7 {½-½ (39) Fedoseev,V (2724)-Rapport,R (2731) Wijk aan Zee 2019}) 5. Nc3 d5 6. Qc2 {[%emt 0:04:31] E12: Queen's Indian: Unusual White 4th moves, 4 a3, 4 Nc3 Bb7 5 a3 and 4 Nc3 Bb7} Be7 7. e4 dxe4 8. Nxe4 Nxe4 $146 ({Predecessor:} 8... Nbd7 9. Bd3 Bb7 10. O-O Nxe4 11. Bxe4 Nf6 12. Bd3 O-O {1-0 (48) Notkin,M (2485)-Kurcubic,A (2270) Tivat 1995}) 9. Qxe4 Bb7 10. Bf4 Nd7 11. Rd1 Nf6 12. Qc2 Bd6 13. Bg3 O-O 14. Bd3 h6 15. O-O Qc7 16. c5 Bxg3 17. hxg3 a5 18. Qe2 a4 19. Rc1 Rfd8 20. Rfd1 Ra5 21. Qe5 Qc8 22. Qe1 Qc7 23. cxb6 Qxb6 24. Rc5 Rd5 ({Black should try} 24... Rda8 $11) 25. Qb4 (25. Qxa5 $14 Qxa5 26. Rxa5 Rxa5 27. Ne5) 25... Qxb4 26. axb4 Ra8 27. Bc4 Rdd8 28. Ra1 Nd7 29. Ra5 Nb6 30. Bd3 Kf8 31. Bc2 Nc4 32. R5xa4 Nxb2 33. Ra7 Nc4 34. Ne5 Rxa7 35. Rxa7 Rxd4 36. Nxf7 Kxf7 37. Rxb7+ Kf6 38. Rc7 Ne5 39. f4 Ng4 40. Rxc6 Rxb4 41. f5 Rb2 42. Rxe6+ Kf7 43. Bd3 Rb4 44. Kf1 Nf6 45. Kf2 g6 46. Ra6 Ng4+ 47. Ke1 gxf5 48. Bxf5 Ne3 49. Be6+ Kg7 50. Kf2 Ng4+ 51. Ke2 Ne5 52. Bd5 Rd4 53. Bf3 Rb4 54. Re6 Nf7 55. Ke3 Rb3+ 56. Ke2 Rb5 57. Ra6 Rb2+ 58. Ke3 Rb4 59. Be4 $11 Rb5 60. g4 Rc5 61. Kd4 Rg5 62. Bf5 h5 63. Ra7 Kf6 64. Ke4 hxg4 65. Ra6+ Ke7 66. Kf4 Rg8 67. Re6+ Kf8 68. Bxg4 Kg7 69. Bh5 Nd8 70. Rd6 Rf8+ 71. Kg4 Kg8 72. Kh4 Kh8 73. g3 Kg7 74. g4 Rh8 75. g5 Rf8 76. Rd7+ Kg8 77. Bg4 Re8 78. Kh5 Nf7 79. Bf5 Re5 80. Kg6 Nh8+ 81. Kf6 Re8 82. Be6+ Kf8 83. Rh7 Ng6 84. Rf7+ Kg8 85. Re7+ 1-0

[Event "LTU-chT 2019"]
[Site "Lithuania"]
[Date "2019.04.27"]
[Round "6.7"]
[White "Klabis, Rokas"]
[Black "Shkapenko, Pavel"]
[Result "1/2-1/2"]
[ECO "B40"]
[WhiteElo "2320"]
[BlackElo "2432"]
[Annotator "ChessBase"]
[PlyCount "81"]
[EventDate "2019.01.26"]
[EventType "team-tourn"]
[EventCountry "LTU"]
[SourceTitle "playchess.com"]
[Source "ChessBase"]
[SourceQuality "1"]
[TimeControl "40/5400+30:1800+30"]

1. e4 c5 2. Nf3 e6 3. g3 d5 4. exd5 exd5 5. d4 Nc6 6. Bg2 Bg4 7. O-O cxd4 8. Nbd2 Nf6 9. Nb3 Be7 10. Nbxd4 O-O 11. h3 Bh5 12. c3 Nxd4 13. Qxd4 Bg6 14. Nh4 Be4 15. Bg5 h6 16. Be3 Qd7 17. Rad1 Bxg2 18. Kxg2 Rfd8 19. Qe5 Ne4 20. Nf5 Bf6 21. Qf4 Qe6 22. Bd4 Bxd4 23. Rxd4 Nf6 24. Rfd1 Rd7 25. Qf3 Rad8 26. Rf4 Kh7 27. g4 Ne4 28. Qd3 g6 29. Nd4 Qb6 30. Qe2 Re8 31. Rd3 Ree7 32. Re3 Qc7 33. Rff3 a6 34. Qd3 Kg7 35. Re2 Nc5 36. Qd2 Re4 37. Rfe3 Rde7 38. Nb3 Rxe3 39. Rxe3 Rxe3 40. Qxe3 Ne6 41. Nd4 1/2-1/2

[Event "LTU-chT 2019"]
[Site "Lithuania"]
[Date "2019.04.27"]
[Round "6.8"]
[White "Vaznonis, Vytautas"]
[Black "Stauskas, Lukas"]
[Result "0-1"]
[ECO "A46"]
[WhiteElo "2388"]
[BlackElo "2357"]
[Annotator "NA"]
[PlyCount "90"]
[EventDate "2019.01.26"]
[EventType "team-tourn"]
[EventCountry "LTU"]
[SourceTitle "playchess.com"]
[Source "ChessBase"]
[SourceQuality "1"]
[TimeControl "40/5400+30:1800+30"]

1. d4 Nf6 2. Nf3 e6 3. e3 b6 4. Bd3 Bb7 5. b3 c5 6. Bb2 cxd4 7. exd4 Be7 8. O-O O-O 9. c4 d5 10. Ne5 Nc6 11. Nd2 dxc4 12. Nxc6 Bxc6 13. bxc4 Qd7 {[%emt 0:06:38] E14: Queen's Indian: Classical Variation (4 e3)} 14. Qe2 Qb7 (14... Rad8 15. f4 Rfe8 16. Nf3 Bxf3 17. Rxf3 Bf8 18. Qe5 g6 19. Qe2 Qc7 20. Bc2 Qc6 21. Rd1 {1-0 (58) Acosta,P (2409)-Munoz,F (2275) Montevideo 2017}) 15. f4 Rfe8 16. Bc3 $146 ({Predecessor:} 16. Nf3 Be4 17. Ne5 Bxd3 18. Qxd3 Red8 19. f5 exf5 20. Qxf5 Rac8 21. d5 {1-0 (34) Medic,M (2210)-Kalevic,S (2160) Kladovo 1990}) 16... Rac8 17. Rab1 Qa8 18. Ba1 Bf8 19. Rbe1 g6 20. Nf3 Bxf3 21. Rxf3 Bg7 22. Bc2 Red8 23. Rd1 Qc6 24. Bb3 $1 Qe4 25. Qd2 Ne8 26. Rd3 Nd6 27. c5 bxc5 28. dxc5 Nb7 29. Bxg7 Rxd3 30. Qxd3 Qxd3 31. Rxd3 Nxc5 32. Rc3 Kxg7 33. g4 Kf6 34. Kg2 Ke7 35. Kf3 Kd6 36. f5 Rb8 37. fxe6 fxe6 38. Bc2 e5 39. h4 Rf8+ 40. Kg3 e4 41. g5 Kd5 $19 42. Bb3+ Nxb3 43. Rxb3 Rf7 44. Rb8 e3 45. a4 Re7 0-1

[Event "LTU-chT 2019"]
[Site "Lithuania"]
[Date "2019.04.27"]
[Round "6.9"]
[White "Narmontas, Tauras"]
[Black "Juksta, Karolis"]
[Result "1-0"]
[ECO "A01"]
[WhiteElo "2244"]
[BlackElo "2285"]
[Annotator "NA"]
[PlyCount "107"]
[EventDate "2019.01.26"]
[EventType "team-tourn"]
[EventCountry "LTU"]
[SourceTitle "playchess.com"]
[Source "ChessBase"]
[SourceQuality "1"]
[TimeControl "40/5400+30:1800+30"]

1. b3 d5 2. Bb2 Bg4 3. h3 Bh5 4. g4 Bg6 5. Bg2 e6 (5... c6 6. f4 e6 7. Nf3 Nd7 8. e3 h5 9. g5 h4 10. d3 Ne7 11. O-O Nf5 12. Re1 Bc5 {1-0 (49) Batsiashvili,N (2482)-Javakhishvili,L (2475) Telavi 2018}) 6. c4 {[%emt 0:04:51] A01: Nimzowitsch-Larsen Opening} (6. Nf3 $11) 6... Nf6 $146 ({Predecessor:} 6... c6 7. Nf3 Nd7 8. d3 f6 9. O-O h5 10. cxd5 cxd5 11. e4 hxg4 12. hxg4 {1-0 (57) Bryntze,S (2231)-Aroven,M (2099) Stockholm 2014}) 7. Nc3 Nc6 8. cxd5 exd5 9. Rc1 h6 10. d3 Be7 11. Nf3 Qd7 12. a3 a6 13. Na4 O-O 14. Qd2 Rad8 15. O-O Qe6 16. b4 Nd7 17. Rc2 Bh7 (17... f5 $15) 18. Rfc1 f6 {[%emt 0:00:38] [#]} 19. Rxc6 $1 bxc6 20. Nd4 $1 {[%emt 0:00:02] Double Attack} Qf7 21. Rxc6 Bd6 22. Nc3 (22. Rxa6 $16 Nb8 23. Ra7) 22... Nb6 23. f4 Kh8 24. f5 Rfe8 25. Kf1 Bg8 26. e3 Qe7 27. Kf2 Be5 28. Nce2 Rd6 29. Rc2 Qd7 30. Qc1 Rc8 31. Ba1 Na4 32. Nf4 Bf7 33. h4 c6 34. Bh3 Qb7 35. g5 Qb6 36. Nfe6 Bxe6 37. fxe6 Qc7 38. gxh6 gxh6 39. Ne2 Qg7 40. d4 Rf8 41. Rxc6 Rxc6 42. Qxc6 Bb8 43. Qxa4 f5 44. Qd7 Qg6 45. Qxd5 Qh5 46. Qf3 Qxh4+ 47. Kf1 Qf6 48. Bc3 Kh7 49. d5 Be5 50. Bd4 Bxd4 51. exd4 Kh8 52. Qe3 f4 $18 53. Qe5 Kg7 54. d6 1-0

[Event "LTU-chT 2019"]
[Site "Lithuania"]
[Date "2019.04.27"]
[Round "6.10"]
[White "Baliasnyj, Timur"]
[Black "Muningis, Paulius"]
[Result "1-0"]
[ECO "A21"]
[WhiteElo "2217"]
[BlackElo "2146"]
[Annotator "NA"]
[PlyCount "74"]
[EventDate "2019.01.26"]
[EventType "team-tourn"]
[EventCountry "LTU"]
[SourceTitle "playchess.com"]
[Source "ChessBase"]
[SourceQuality "1"]
[TimeControl "40/5400+30:1800+30"]

1. c4 e5 2. Nc3 d6 3. g3 g6 4. Bg2 Bg7 5. Nf3 f5 6. d3 Nf6 7. O-O O-O 8. Rb1 Kh8 9. b4 Ng4 10. Qc2 Nc6 11. Nd5 e4 12. Ne1 Nd4 13. Qd1 c6 14. Ne3 $15 (14. Nf4 $11) 14... f4 15. N3c2 fxg3 16. hxg3 Nxc2 17. Nxc2 exd3 18. exd3 Bf5 19. Ne3 Nxe3 20. Bxe3 Qd7 21. Qd2 Rae8 22. Rfe1 a6 23. a4 d5 24. cxd5 cxd5 25. Bc5 Rg8 26. a5 Bf6 27. Rbd1 Kg7 28. Rc1 Rxe1+ 29. Rxe1 h5 30. Qe3 d4 31. Qf3 Qb5 32. Be7 Qxd3 33. Bxf6+ Kxf6 34. Qxb7 Rg7 35. Qb8 Rd7 36. Qe5+ Kg5 37. Bc6 Qd2 1-0

[Event "LTU-chT 2019"]
[Site "Lithuania"]
[Date "2019.04.28"]
[Round "7.1"]
[White "Klabis, Rokas"]
[Black "Chocenka, Dmitrijus"]
[Result "0-1"]
[ECO "B90"]
[WhiteElo "2320"]
[BlackElo "2287"]
[Annotator "NA"]
[PlyCount "108"]
[EventDate "2019.01.26"]
[EventType "team-tourn"]
[EventCountry "LTU"]
[SourceTitle "playchess.com"]
[Source "ChessBase"]
[SourceQuality "1"]
[TimeControl "40/5400+30:1800+30"]

1. e4 c5 2. Nf3 d6 3. d4 cxd4 4. Nxd4 Nf6 5. Nc3 a6 6. Nb3 e5 7. Bg5 Be6 8. Bxf6 gxf6 9. g3 Nd7 10. h4 Rc8 11. Bh3 Nc5 ({Black should try} 11... Nb6 $14) 12. Bxe6 (12. Qf3 $16) 12... fxe6 13. Qh5+ Kd7 14. O-O-O Nxb3+ 15. axb3 Kc7 16. f4 $16 Kb8 17. f5 Qa5 18. Kb1 d5 19. fxe6 Rxc3 20. bxc3 Ba3 21. b4 Bxb4 22. Rxd5 Bc5 23. e7 Qb6+ 24. Kc1 Bxe7 25. Qf3 Rc8 26. Kd2 Ba3 27. Rf1 Rc6 28. Qf2 Qb2 29. Rd8+ Kc7 30. Rd3 Bf8 31. Qe3 a5 32. g4 a4 33. g5 a3 34. Qh3 Bd6 35. gxf6 a2 36. f7 a1=Q 37. f8=Q Bxf8 38. Qd7+ Kb6 39. Qd8+ Kb5 40. c4+ Rxc4 41. Qd5+ Kb6 42. Qd8+ Rc7 43. Qf6+ Kb5 44. Rd5+ Bc5 45. Rxa1 Qxa1 46. Qd8 Qa5+ 47. Kd3 Kb4 48. Qg5 Qa6+ 49. Kd2 Bd4 50. Qg3 Rc3 51. Qg7 Rxc2+ 52. Kxc2 Qe2+ 53. Kc1 Qe1+ 54. Kc2 Qxe4+ 0-1

[Event "LTU-chT 2019"]
[Site "Lithuania"]
[Date "2019.04.28"]
[Round "7.3"]
[White "Narmontas, Tauras"]
[Black "Bucinskas, Valdas"]
[Result "0-1"]
[ECO "B90"]
[WhiteElo "2244"]
[BlackElo "2297"]
[Annotator "NA"]
[PlyCount "102"]
[EventDate "2019.01.26"]
[EventType "team-tourn"]
[EventCountry "LTU"]
[SourceTitle "playchess.com"]
[Source "ChessBase"]
[SourceQuality "1"]
[TimeControl "40/5400+30:1800+30"]

1. e4 c5 2. Nf3 d6 3. d4 cxd4 4. Nxd4 Nf6 5. Nc3 a6 6. Nb3 e5 7. Bg5 Be7 8. Qd3 Be6 9. Rd1 (9. Bxf6 $14 Bxf6 10. O-O-O) 9... Nbd7 10. Bxf6 Nxf6 11. Be2 O-O 12. O-O Rc8 13. h3 Qc7 $15 14. Rfe1 Rfd8 15. Bf3 g6 16. Nd2 Bf8 17. Nf1 Bh6 18. Ne3 Bxe3 19. Rxe3 Qb6 20. b3 Rc6 21. Be2 Qc7 22. Qd2 Rc8 23. Bc4 Bxc4 24. bxc4 Rxc4 25. Qxd6 Qxd6 26. Rxd6 Rxc3 27. Rxc3 Rxc3 28. Rxf6 Rxc2 29. Rb6 Rxa2 30. Rxb7 Kg7 31. g3 h5 32. h4 a5 33. Kg2 a4 34. Kf3 a3 35. Ra7 Ra1 36. Rb7 Kf6 37. Rb6+ Ke7 38. Rb7+ Kd6 39. Rxf7 Kc5 40. Rf6 Re1 41. Ra6 Kb4 42. Rb6+ Kc3 43. Rc6+ Kb2 44. Rb6+ Ka1 45. Rxg6 a2 46. Rb6 Rb1 47. Ra6 Rb3+ 48. Kg2 Kb2 49. Rxa2+ Kxa2 50. f4 Ka3 51. fxe5 Kb4 0-1

[Event "LTU-chT 2019"]
[Site "Lithuania"]
[Date "2019.04.28"]
[Round "7.4"]
[White "Viskelis, Darius"]
[Black "Muningis, Paulius"]
[Result "1/2-1/2"]
[ECO "B31"]
[WhiteElo "2242"]
[BlackElo "2146"]
[Annotator "NA"]
[PlyCount "111"]
[EventDate "2019.01.26"]
[EventType "team-tourn"]
[EventCountry "LTU"]
[SourceTitle "playchess.com"]
[Source "ChessBase"]
[SourceQuality "1"]
[TimeControl "40/5400+30:1800+30"]

1. e4 c5 2. Nf3 Nc6 3. Bb5 g6 4. O-O Bg7 5. Bxc6 dxc6 6. d3 e5 7. Nbd2 Qc7 $14 8. b3 Ne7 9. Bb2 f6 10. a4 a5 11. Nc4 g5 12. h4 g4 13. Nfd2 Be6 14. g3 h5 15. Qe2 Bh6 16. Rfd1 Rg8 17. Ne3 Ng6 18. Nf5 Bxd2 19. Qxd2 O-O-O 20. Qh6 Qf7 21. Qxh5 Kb8 22. Qxg4 Qd7 23. Kf1 Ne7 24. Qf3 Nxf5 25. exf5 Bd5 26. Qe3 Qxf5 27. Ke1 b6 28. Kd2 Rg4 29. Kc1 Kb7 30. Bc3 e4 31. d4 c4 32. b4 axb4 33. Bxb4 Ra8 34. a5 Qd7 35. Kb2 b5 36. a6+ Kc8 37. Qh6 Qf7 38. Ra3 Kd7 39. a7 Kc7 40. Rda1 Be6 41. Ra6 Bc8 42. Ba5+ Kd7 43. Rb6 Rxa7 44. d5 c3+ 45. Bxc3 Rxa1 46. Kxa1 Qxd5 47. Qh7+ Kd6 48. Rb8 Rg8 49. Bb4+ Ke5 50. Qc7+ Kf5 51. Rxc8 Qd4+ 52. Ka2 Qxb4 53. Qf4+ Ke6 54. Rxc6+ Kd5 55. Qf5+ Kxc6 56. Qe6+ 1/2-1/2

[Event "LTU-chT 2019"]
[Site "Lithuania"]
[Date "2019.04.28"]
[Round "7.5"]
[White "Adomaitis, Edgaras"]
[Black "Burstein, Roman"]
[Result "0-1"]
[ECO "A05"]
[WhiteElo "1889"]
[BlackElo "2298"]
[Annotator "NA"]
[PlyCount "84"]
[EventDate "2019.01.26"]
[EventType "team-tourn"]
[EventCountry "LTU"]
[SourceTitle "playchess.com"]
[Source "ChessBase"]
[SourceQuality "1"]
[TimeControl "40/5400+30:1800+30"]

1. Nf3 Nf6 2. g3 c5 3. c4 g6 4. Nc3 Bg7 5. Bg2 O-O 6. O-O d5 7. cxd5 Nxd5 8. a3 Nc6 9. h3 Nc7 10. d3 b6 11. Bd2 Bb7 $15 12. Rb1 Rb8 13. b4 Nd4 14. Ne4 Bxe4 15. dxe4 Nxf3+ 16. Bxf3 c4 17. b5 c3 18. Bf4 Qxd1 19. Rbxd1 e5 20. Be3 Nxb5 21. Rd3 Rfd8 22. Rc1 Rxd3 23. exd3 Nd4 24. Kg2 Nxf3 25. Kxf3 Rc8 26. Bd2 c2 27. Ke2 Bf8 28. Bb4 a5 29. Bxf8 Kxf8 30. Kd2 Ke7 31. Rxc2 Rxc2+ 32. Kxc2 Kd6 33. f4 f6 34. a4 Kc6 35. Kb3 b5 36. axb5+ Kxb5 37. f5 g5 38. d4 exd4 39. e5 a4+ 40. Kc2 Kc6 41. exf6 Kd7 42. g4 a3 0-1

[Event "LTU-chT 2019"]
[Site "Lithuania"]
[Date "2019.04.28"]
[Round "7.6"]
[White "Baginskaite, Kamile"]
[Black "Urbanaviciute, Danute"]
[Result "1-0"]
[ECO "E15"]
[WhiteElo "2136"]
[BlackElo "1730"]
[Annotator "NA"]
[PlyCount "49"]
[EventDate "2019.01.26"]
[EventType "team-tourn"]
[EventCountry "LTU"]
[SourceTitle "playchess.com"]
[Source "ChessBase"]
[SourceQuality "1"]
[TimeControl "40/5400+30:1800+30"]

1. d4 Nf6 2. c4 e6 3. Nf3 b6 4. g3 Bb7 5. Bg2 d5 6. cxd5 Nxd5 7. O-O Nd7 8. Bg5 f6 $16 9. Bd2 Bd6 10. e4 Ne7 11. e5 fxe5 12. Ng5 Nd5 13. Nxe6 Qf6 14. Qg4 g6 15. Bh6 Rg8 16. Nc3 c6 17. Ne4 Qe7 18. Bg5 N5f6 19. Nxf6+ Nxf6 20. Bxf6 Qxf6 21. dxe5 Bxe5 22. Rfe1 Kf7 23. Ng5+ Ke7 24. f4 Bc8 25. Qd1 1-0

[Event "LTU-chT 2019"]
[Site "Lithuania"]
[Date "2019.04.28"]
[Round "7.7"]
[White "Radzvilaviciene, Daiva"]
[Black "Ravlusevic, Evelina"]
[Result "0-1"]
[ECO "D02"]
[WhiteElo "1611"]
[BlackElo "1796"]
[Annotator "NA"]
[PlyCount "106"]
[EventDate "2019.01.26"]
[EventType "team-tourn"]
[EventCountry "LTU"]
[SourceTitle "playchess.com"]
[Source "ChessBase"]
[SourceQuality "1"]
[TimeControl "40/5400+30:1800+30"]

1. d4 d5 2. Nf3 Nf6 3. g3 c5 4. Bg2 e6 5. O-O Nc6 6. e3 Be7 7. b3 b6 8. c4 cxd4 9. Nxd4 Nxd4 10. exd4 Ba6 11. Re1 Rc8 12. cxd5 Nxd5 13. a3 O-O 14. Bb2 Bf6 15. Qd2 Ne7 16. Rd1 Qc7 17. Nc3 Nf5 18. Ne4 Be7 19. Rac1 Qd7 20. Rxc8 Rxc8 21. g4 Nh4 22. Bh1 Qb5 23. b4 Qe2 24. h3 Rc2 25. Qxe2 Rxe2 26. Bc1 h6 27. Ng3 Rc2 28. Be4 Rc8 29. Bb2 g6 30. Rc1 Rxc1+ 31. Bxc1 f5 32. gxf5 exf5 33. Bc6 g5 34. Bb2 Bf6 35. b5 Bc8 36. Ne2 f4 37. Kh2 Nf5 38. Bc3 Nd6 39. Bb4 Be7 40. Kg2 Kf8 41. a4 a5 42. bxa6 Bxa6 43. Nc3 Bc4 44. a5 bxa5 45. Bxa5 Nf5 46. d5 Nd4 47. Bd7 f3+ 48. Kg3 h5 49. Kh2 Bd6+ 50. Kh1 Ke7 51. Bc6 Bf1 52. Ne4 Bg2+ 53. Kg1 Ne2# 0-1

[Event "LTU-chT 2019"]
[Site "Lithuania"]
[Date "2019.04.28"]
[Round "7.8"]
[White "Sukyte, Kotryna"]
[Black "Marcinkeviciene, Egle"]
[Result "1/2-1/2"]
[ECO "B11"]
[WhiteElo "1324"]
[BlackElo "1495"]
[Annotator "NA"]
[PlyCount "92"]
[EventDate "2019.01.26"]
[EventType "team-tourn"]
[EventCountry "LTU"]
[SourceTitle "playchess.com"]
[Source "ChessBase"]
[SourceQuality "1"]
[TimeControl "40/5400+30:1800+30"]

1. e4 c6 2. Nc3 d5 3. Nf3 Bg4 4. h3 Bxf3 5. Qxf3 Nf6 6. exd5 Nxd5 7. Nxd5 Qxd5 8. Qxd5 cxd5 9. Bb5+ Nc6 10. d4 e6 11. O-O Be7 12. f4 O-O 13. c3 Rac8 14. f5 a6 15. Ba4 b5 16. Bb3 Na5 17. fxe6 fxe6 18. Bd2 Rxf1+ 19. Rxf1 Nxb3 20. axb3 Bh4 21. Bf4 h6 22. g3 Bf6 23. Re1 Kf7 24. b4 Rc6 25. Kf2 Bd8 26. Kf3 Bf6 27. Be5 Bxe5 28. Rxe5 g6 29. g4 g5 30. Kg3 Kf6 31. h4 Rc8 32. hxg5+ hxg5 33. Re1 Re8 34. Ra1 Ra8 35. Rh1 Kg6 36. Rc1 Rc8 37. Kg2 Rc7 38. Rh1 Rc8 39. Kg3 Kg7 40. Re1 Re8 41. Rf1 Kg6 42. Re1 Re7 43. Re2 Re8 44. Re1 Re7 45. Re2 Re8 46. Re1 Re7 1/2-1/2

[Event "LTU-chT 2019"]
[Site "Lithuania"]
[Date "2019.04.28"]
[Round "7.9"]
[White "Kaspute, Vesta"]
[Black "Perminaite, Guoda"]
[Result "1-0"]
[ECO "C44"]
[WhiteElo "2020"]
[BlackElo "1845"]
[Annotator "NA"]
[PlyCount "67"]
[EventDate "2019.01.26"]
[EventType "team-tourn"]
[EventCountry "LTU"]
[SourceTitle "playchess.com"]
[Source "ChessBase"]
[SourceQuality "1"]
[TimeControl "40/5400+30:1800+30"]

1. e4 e5 2. Nf3 Nc6 3. d4 exd4 4. Nxd4 Bb4+ 5. c3 Bc5 6. Be3 Bb6 7. Be2 Nf6 8. Nd2 d6 9. O-O h6 10. Re1 O-O 11. Nxc6 bxc6 12. Bd4 Re8 13. Bf3 Bb7 $11 14. a4 a5 15. Bxb6 cxb6 16. Nc4 d5 17. exd5 Rxe1+ 18. Qxe1 cxd5 19. Rd1 Qc7 20. Ne3 Re8 21. Rd4 Re5 22. Qd1 Qe7 23. h3 Qe6 24. c4 Qe7 25. cxd5 Ne8 26. Qb3 Qc5 27. Rc4 Qd6 28. Rc1 Qd8 29. Nc4 Bxd5 30. Qd3 Rg5 31. h4 Nc7 32. hxg5 Qxg5 33. Rd1 Bxf3 34. Qd8+ 1-0

[Event "LTU-chT 2019"]
[Site "Lithuania"]
[Date "2019.04.28"]
[Round "7.10"]
[White "Jaskunaite, Auguste"]
[Black "Malisauskiene, Marina"]
[Result "0-1"]
[ECO "A48"]
[WhiteElo "1333"]
[BlackElo "1852"]
[Annotator "NA"]
[PlyCount "90"]
[EventDate "2019.01.26"]
[EventType "team-tourn"]
[EventCountry "LTU"]
[SourceTitle "playchess.com"]
[Source "ChessBase"]
[SourceQuality "1"]
[TimeControl "40/5400+30:1800+30"]

1. d4 Nf6 2. Nf3 g6 3. Bf4 d5 4. c4 c6 5. Nc3 Bg7 6. h3 O-O 7. e3 a6 8. Bd3 Be6 (8... dxc4 $11 {keeps the balance.} 9. Bxc4 Nbd7) 9. c5 Nbd7 10. O-O Bf5 11. Qc2 ({White should try} 11. Bxf5 $16 gxf5 12. Ne2) 11... e6 12. Rad1 Re8 $14 13. Bd6 h6 14. Rfe1 Nh7 15. b4 Bxd3 16. Qxd3 e5 17. e4 exd4 18. Nxd4 Qf6 19. Re3 Qxd4 20. Qxd4 Bxd4 21. Rxd4 dxe4 22. Rexe4 Ndf6 23. Re2 Rxe2 24. Nxe2 Nd5 25. Nf4 Nhf6 26. Be5 Nxf4 27. Bxf4 g5 28. Be5 Nd5 29. a3 Re8 30. f4 f6 31. Bd6 Re3 32. a4 Rb3 33. b5 axb5 34. axb5 Rxb5 35. fxg5 hxg5 36. Kf2 Kf7 37. Re4 Rb4 38. Re2 f5 39. Re5 Kf6 40. Re8 Rb2+ 41. Kf3 Rb3+ 42. Kf2 f4 43. g4 Rxh3 44. Be5+ Kf7 45. Rd8 Ne3 0-1

[Event "LTU-chT 2019"]
[Site "Lithuania"]
[Date "2019.04.28"]
[Round "7.11"]
[White "Idzeliene, Asta"]
[Black "Ceponyte, Barbora"]
[Result "1-0"]
[ECO "B12"]
[WhiteElo "1639"]
[BlackElo "1146"]
[Annotator "NA"]
[PlyCount "75"]
[EventDate "2019.01.26"]
[EventType "team-tourn"]
[EventCountry "LTU"]
[SourceTitle "playchess.com"]
[Source "ChessBase"]
[SourceQuality "1"]
[TimeControl "40/5400+30:1800+30"]

1. e4 c6 2. d4 d5 3. e5 Bf5 4. f4 e6 5. Nf3 Nd7 6. Bd3 Nh6 7. Bxf5 Nxf5 8. g4 Ne7 9. Qd3 g6 10. Be3 Bg7 11. Nbd2 b6 12. Bf2 Qc7 13. Bh4 f6 14. a4 O-O 15. O-O Rac8 16. Rae1 Rfe8 17. h3 c5 18. c3 f5 19. Bf2 Rf8 20. Ng5 Qc6 21. Bh4 Rfe8 22. Bf2 h6 23. Ngf3 Qxa4 24. Ra1 Qc6 25. Rxa7 Ra8 26. Rfa1 c4 27. Qb1 b5 28. R1a6 Nb6 29. Qa2 Bf8 30. Rxb6 Qxb6 31. Rxa8 Rxa8 32. Qxa8 b4 33. Bh4 Kf7 34. Bxe7 Bxe7 35. Qa2 b3 36. Qa8 Bf8 37. Kg2 Qc7 38. Nb1 1-0